 Dungeon Crawl Stone Soup version 0.30-a0-879-ga8ba668304 (webtiles) character file.

Game seed: 14522685571545142448

85 ragingrage the Chopper (level 4, -3/35 HPs)
             Began as a Mummy Berserker on Mar 13, 2023.
             Was a Priest of Trog.
             Slain by an ogre
             ... wielding a +0 giant club
              (28 damage)
             ... on level 3 of the Dungeon.
             The game lasted 00:01:50 (1543 turns).

ragingrage the Chopper (Mummy Berserker)            Turns: 1543, Time: 00:01:51

Health: -3/35      AC:  6    Str: 22    XL:     4   Next: 25%
Magic:  4/4        EV: 11    Int:  6    God:    Trog [***...]
Gold:   60         SH:  8    Dex: 11    Spells: 3/3 levels left

rFire   x . .      SeeInvis .    m - +0 short sword (venom)
rCold   + . .      Faith    +    i - +0 buckler
rNeg    + + +      Spirit   .    b - +0 animal skin
rPois   ∞          Reflect  +    (no helmet)
rElec   .          Rampage  .    f - +0 cloak {rPois}
rCorr   .                        d - +2 pair of gloves
Will    .....                    (no boots)
Stlth   ++                       h - amulet of reflection
HPRegen 0.25/turn                (no ring)
MPRegen 0.09/turn                (no ring)

@: no status effects
A: cold resistance 1, negative energy resistance 3, torment resistance 2, heat
vulnerability 1, in touch with death 1, no potions, faith
a: Renounce Religion, Trog's Hand


You were on level 3 of the Dungeon.
You worshipped Trog.
Trog was most pleased with you.
You visited 1 branch of the dungeon, and saw 3 of its levels.

You collected 60 gold pieces.

Inventory:

Hand Weapons
 a - a +0 hand axe
 m - a +0 short sword of venom (weapon)
Missiles
 e - 5 boomerangs (quivered)
 k - a throwing net
Armour
 b - a +0 animal skin (worn)
 d - a +2 pair of gloves (worn)
 f - a +0 cloak of poison resistance (worn)
 i - a +0 buckler (worn)
Jewellery
 h - an amulet of reflection (around neck)
Wands
 l - a wand of polymorph (3)
Scrolls
 c - a scroll of fog {unknown}
 g - a scroll of noise {unknown}
 j - a scroll of enchant armour {unknown}


   Skills:
 - Level 3.0 Fighting
 + Level 3.6 Axes
 - Level 1.5 Armour
 - Level 1.5 Dodging
 + Level 1.9 Stealth
 + Level 0.3 Shields


You had 3 spell levels left.
You didn't know any spells.
Your spell library was empty.

Dungeon Overview and Level Annotations

Branches:
Dungeon (3/15)

Altars:
Wu Jian


Innate Abilities, Weirdness & Mutations

You are immune to poison.
Your flesh is cold resistant. (rC+)
You are immune to negative energy. (rN+++)
You are immune to unholy pain and torment.
You are vulnerable to heat. (rF-)
You are in touch with the powers of death.
You do not drink.
You have a special connection with the divine. (Faith)


Message History

A hobgoblin is nearby!
A hobgoblin is nearby!
The hobgoblin hits you.
You slash the hobgoblin!
You kill the hobgoblin!
Trog accepts your kill.
There is an open door here.
You open the door.
There is an open door here.
You open the door.
There is an open door here.
You open the door.
There is an open door here.
Found a stone staircase leading up.
An ogre comes into view. It is wielding a +0 giant club.
An ogre is nearby!
You throw a boomerang. The boomerang hits the ogre.
The ogre shouts!
You throw a boomerang.
The boomerang hits the ogre but does no damage.
You throw a boomerang.
The boomerang hits the ogre but does no damage.
You throw a boomerang. The boomerang barely misses the ogre.
Your +0 short sword of venom begins to drip with poison!
m - a +0 short sword of venom (weapon)
The ogre barely misses you.
You barely miss the ogre. You hit the ogre.
The ogre is poisoned.
The ogre barely misses you.
You closely miss the ogre.
The ogre hits you with a +0 giant club!!
Ouch! That really hurt!
An endoplasm and a rat come into view.
Found 9 gold pieces.
Found a stone staircase leading down.
The endoplasm quivers.
The ogre looks more healthy.
A ball python comes into view.
The ogre attacks as you move away!
The ogre hits you with a +0 giant club!!
Ouch! That really hurt!
You die...

#... ..# ####..# S.#
..#..##..# ##### #.#......##
#...# ##..........
#...###...........
#..J..r........... + ##+###+
+.O####.##......## #. +...+.#
#@....#.##..r..... .. #...#.#
##.#....##J<...### #'
#._.#.+##+..#....##.###....
#.#...#.#..#..#.....#......##
#.'...'.#..#.#####..#####..#
+###'###'..'.# ##...JO...# #
#.......#..### #...........#
. #.......#..# #...........#
.###'###'###+###
#.[..#.##.....


You could see an ogre and an endoplasm.

Vanquished Creatures
  2 adders (D:2)
  A dart slug (D:1)
  11 ball pythons
  An endoplasm (D:1)
  5 giant cockroaches
  5 goblins
  6 hobgoblins
  5 jackals
  4 quokkas
  3 bats
  3 frilled lizards
  6 kobolds
  5 rats
57 creatures vanquished.

Vanquished Creatures (others)
  A ball python (D:1)
1 creature vanquished.

Grand Total: 58 creatures vanquished

Notes
Turn   | Place    | Note
-------+----------+-------------------------------------------
     0 | D:1      | ragingrage the Mummy Berserker began the quest for the Orb.
     0 | D:1      | Reached XP level 1. HP: 18/18 MP: 1/1
    72 | D:1      | Reached XP level 2. HP: 19/24 MP: 2/2
   285 | D:1      | Reached ** piety under Trog
   446 | D:1      | Gained mutation: You are in touch with the powers of death.
                  | [Mummy growth]
   446 | D:1      | Reached XP level 3. HP: 26/29 MP: 3/3
   466 | D:1      | Reached skill level 1 in Stealth
  1055 | D:2      | Reached XP level 4. HP: 35/35 MP: 4/4
  1070 | D:2      | Reached *** piety under Trog
  1468 | D:3      | Found an ornate altar of the Wu Jian Council.
  1501 | D:3      | Noticed an ogre
  1543 | D:3      | Slain by an ogre

Illustrated notes

Levels and vault maps discovered:
D:1:      mainiacjoe_arrival_reflecting_pool, layout_rooms, minmay_box_of_dots
D:2:      layout_rooms, nicolae_hexahallways
D:3:      layout_basic, mainiacjoe_overflow_24_doors

Skill      XL: |  1  2  3 |
---------------+----------+-----
Axes           | 3 |  3.6
Stealth        | 1 |  1.9
Fighting       | |  3.0
Armour         | |  1.5
Dodging        | |  1.5
Shields        | |  0.3

Action                     |  1- 3 |  4- 6 || total
---------------------------+-------+-------++-------
  Melee: Hand axe          |   136 |    16 ||   152
         Punch             |     1 |       ||     1
         Short sword       |       |     3 ||     3
  Throw: Boomerang         |       |     5 ||     5
   Stab: Sleeping          |     2 |       ||     2
 Armour: Animal skin       |    38 |     2 ||    40
  Dodge: Dodged            |   116 |     9 ||   125
  Block: Other             |     2 |       ||     2
         Buckler           |     1 |     3 ||     4

Table legend: (Time is in decaauts)
 A = Elapsed time spent in this place.
 B = Non-inter-level travel time spent in this place.
 C = Inter-level travel time spent in this place.
 D = Time resting spent in this place.
 E = Time spent auto-exploring this place.
 F = Levels seen in this place.
 G = Mean time per level.
                   A        B        C        D        E       F      G
               +--------+--------+--------+--------+--------+-----+--------+
         Total |   1572 |   1525 |     47 |     30 |   1013 |   3 |  524.0 |
       Dungeon |   1572 |   1525 |     47 |     30 |   1013 |   3 |  524.0 |
               +--------+--------+--------+--------+--------+-----+--------+

Top non-repeatable levels by time:
     D:1: 835 daAuts
     D:2: 631 daAuts
     D:3: 105 daAuts
